 Dungeon Crawl Stone Soup version 0.27-a0-1456-gf5a116941d (webtiles) character file.

Game seed: 14917352776765461122

2344 Arzdou the Cleaver (level 9, -7/81 HPs)
             Began as a Minotaur Berserker on July 6, 2021.
             Was a High Priest of Trog.
             Mangled by a fire bat (9 damage)
             ... on level 3 of the Abyss.
             The game lasted 00:16:49 (7053 turns).

Arzdou the Cleaver (Minotaur Berserker)             Turns: 7053, Time: 00:16:50

Health: -7/81      AC: 13    Str: 21    XL:     9   Next: 20%
Magic:  8/8        EV:  8    Int: 10    God:    Trog [*****.]
Gold:   142        SH:  0    Dex: 14    Spells: 8/8 levels left

rFire    . . .     SeeInvis .   y - +3 broad axe (vamp)
rCold    . . .     Faith    +   (no shield)
rNeg     . . .     Spirit   .   e - +0 plate armour
rPois    .         Reflect  .   (helmet restricted)
rElec    .         Harm     .   d - scarf {repulsion}
rCorr    .         Rampage  .   (no gloves)
Will     .....                  i - +0 pair of boots
Stlth    ..........             n - amulet of faith
HPRegen  0.23/turn              t - +6 ring of intelligence
MPRegen  0.11/turn              (no ring)

@: repel missiles
A: horns 2, retaliatory headbutt
a: Renounce Religion, Berserk, Trog's Hand, Brothers in Arms


You were on level 3 of the Abyss.
You worshipped Trog.
Trog was extremely pleased with you.
You visited 1 branch of the dungeon, and saw 6 of its levels.
You visited the Abyss 1 time.
You also visited: Sewer.

You collected 324 gold pieces.
You spent 182 gold pieces at shops.

Inventory:

Hand Weapons
 y - a +3 vampiric broad axe (weapon)
Missiles
 a - 4 boomerangs of dispersal
 b - 8 atropa-tipped darts
 w - 2 throwing nets (quivered)
Armour
 c - a +3 leather armour of cold resistance
 d - a scarf of repulsion (worn)
 e - a +0 plate armour (worn)
 h - a scarf of harm
 i - a +0 pair of boots (worn)
Jewellery
 n - an amulet of faith (around neck)
 t - a +6 ring of intelligence (left hand)
Scrolls
 k - 3 scrolls of teleportation
 l - a scroll of enchant armour {unknown}
 m - a scroll of immolation {unknown}
 p - 2 scrolls of fog {unknown}
 q - a scroll of fear {unknown}
 r - a scroll of amnesia {unknown}
Potions
 f - a potion of haste {unknown}
 g - 3 potions of curing
 j - 2 potions of heal wounds
 o - 2 potions of flight
 s - a potion of attraction {unknown}
 u - a potion of degeneration {unknown}
 v - 2 potions of mutation
 z - a potion of invisibility {unknown}


   Skills:
 + Level 7.8 Fighting
 + Level 10.9 Axes
 + Level 5.5 Armour
 + Level 4.5 Dodging
 + Level 2.8 Stealth


You had 8 spell levels left.
You didn't know any spells.
Your spell library was empty.

Dungeon Overview and Level Annotations

Branches:
Dungeon (6/15)              Sewer (visited)
 Temple: D:4-7

Altars:

Shops:
D:4 *


Innate Abilities, Weirdness & Mutations

You have a pair of horns on your head.
You reflexively headbutt those who attack you in melee.


Message History

The fire bat bites you.
You are engulfed in flames!
The fire bat bites you but does no damage.
The fire bat closely misses you.
The fire bat bites you but does no damage.
The fire bat barely misses you.
You see here a scroll labelled FAEHIR LOL PUR.
A bone dragon comes into view.
The fire bat closely misses you.
There is an open door here.
The fire bat bites you but does no damage.
A raiju comes into view.
The fire bat bites you.
You are engulfed in flames!
* * * LOW HITPOINT WARNING * * *
The fire bat bites you but does no damage.
The fire bat closely misses you. The fire bat barely misses you.
The fire bat bites you but does no damage.
The fire bat bites you.
* * * LOW HITPOINT WARNING * * *
You are engulfed in flames.
* * * LOW HITPOINT WARNING * * *
The fire bat bites you but does no damage. x2
The fire bat bites you but does no damage. x2
The fire bat closely misses you.
The raiju barks!
The fire bat bites you but does no damage. x4
The fire bat closely misses you.
The fire bat bites you but does no damage. x2
The fire bat bites you.
* * * LOW HITPOINT WARNING * * *
You are engulfed in flames!
* * * LOW HITPOINT WARNING * * *
The fire bat bites you but does no damage. x2
A raiju comes into view.
The raiju barks!
The fire bat barely misses you.
The fire bat bites you but does no damage.
The fire bat bites you.
* * * LOW HITPOINT WARNING * * *
You are engulfed in flames!
You die...

......# . .
#h..###.###
#...#..# #
#######.... .#.# #
###.#....?4h..####
#
........###...'..#.
. ......#.#
#Db.##.# #.. .....
#b#


#bbh# ##. . .. .#b# #@#. ##.. #h######.# # .#...# .# # ...h. .# # #.. #. †# #. .
.....# #.......# # ........ #'###.. You could see a bone dragon, 3 raiju, a
chaos spawn and 3 fire bats.

Vanquished Creatures
  An orb spider (Abyss:3)
  Sigmund (D:2)
  A water moccasin (Sewer)
  An orc warrior (D:5)
  An ice beast (D:6)
  A small abomination (Abyss:3)
  A sky beast (D:5)
  3 ogres
  A hornet zombie (D:5)
  A black bear (D:5)
  A gnoll sergeant (D:5)
  3 scorpions (D:4)
  A hound (D:4)
  A jelly (D:4)
  3 orc priests (D:5)
  2 bullfrog skeletons
  An iguana (D:4)
  2 orc wizards (D:5)
  A howler monkey zombie (D:6)
  12 gnolls
  A howler monkey skeleton (D:6)
  11 adders
  A river rat (D:4)
  An ufetubus (D:5)
  A worm (D:5)
  19 orcs
  6 bats
  7 endoplasms
  3 giant cockroaches
  7 goblins
  5 hobgoblins
  17 jackals
  3 quokkas
  4 ball pythons
  5 frilled lizards
  A jackal skeleton (D:4)
  8 kobolds
  6 rats
145 creatures vanquished.

Vanquished Creatures (others)
  16 fungi (D:5)
16 creatures vanquished.

Grand Total: 161 creatures vanquished

Notes
Turn   | Place    | Note
-------+----------+-------------------------------------------
     0 | D:1      | Arzdou the Minotaur Berserker began the quest for the Orb.
     0 | D:1      | Reached XP level 1. HP: 19/19 MP: 0/0
   980 | D:1      | Reached XP level 2. HP: 27/27 MP: 1/1
  1002 | D:1      | Found a faded altar of an unknown god.
  1290 | D:2      | Reached skill level 4 in Axes
  1294 | D:2      | Noticed Sigmund
  1643 | D:2      | Killed Sigmund
  1644 | D:2      | Reached skill level 5 in Fighting
  1644 | D:2      | Reached skill level 5 in Axes
  1644 | D:2      | Reached XP level 3. HP: 35/36 MP: 2/2
  1644 | D:2      | Reached XP level 4. HP: 41/42 MP: 3/3
  1644 | D:2      | Reached XP level 5. HP: 47/48 MP: 4/4
  2037 | D:2      | Reached ** piety under Trog
  2239 | D:3      | Reached skill level 6 in Axes
  2484 | D:3      | Reached XP level 6. HP: 35/56 MP: 5/5
  3113 | D:3      | Reached *** piety under Trog
  3397 | D:4      | Found Mathekkungi's General Store.
  3627 | D:4      | Reached skill level 7 in Axes
  3628 | D:4      | Reached XP level 7. HP: 34/62 MP: 6/6
  3636 | D:5      | Entered Level 5 of the Dungeon
  4039 | D:4      | Found a glowing drain.
  4043 | Sewer    | Entered a sewer
  4460 | D:4      | Identified the +6 falchion of Kiafitso {flame, Int+2 Dex+3}
  4644 | D:4      | Reached **** piety under Trog
  4739 | D:4      | Reached skill level 8 in Axes
  4739 | D:4      | Reached skill level 1 in Stealth
  4924 | D:4      | Bought a +0 vampiric broad axe for 182 gold pieces
  5234 | D:5      | Reached XP level 8. HP: 71/71 MP: 7/7
  5738 | D:5      | Reached skill level 9 in Axes
  5808 | D:5      | Found Duosoin's Magic Scroll Shoppe.
  6353 | D:5      | Reached ***** piety under Trog
  6645 | D:6      | Reached skill level 10 in Axes
  6645 | D:6      | Reached skill level 5 in Armour
  6778 | D:6      | Cast into level 1 of the Abyss (centaur)
  6901 | Abyss:3  | Found a corrupted altar of Lugonu.
  6911 | Abyss:3  | Reached XP level 9. HP: 79/79 MP: 8/8
  6923 | Abyss:3  | Noticed an orb spider
  6980 | Abyss:3  | Killed an orb spider
  7044 | Abyss:3  | Noticed a bone dragon
  7053 | Abyss:3  | HP: 2/81 [fire bat (4)]
  7053 | Abyss:3  | Mangled by a fire bat

Illustrated notes

Levels and vault maps discovered:
D:1:      scummos_arrival_simple_fountains, layout_basic,
          hellmonk_ecumenical_altar_heavens_door, minmay_octomino_j4
D:2:      layout_rooms, minmay_misc_feat_hallway, kennysheep_generic_room_6,
          uniq_sigmund
D:3:      layout_loops_corners, hangedman_decor_points
D:4:      layout_basic, gup_sewer_entry_bowl, serial_shops, shop
D:5:      layout_loops_ring, serial_shops, shop_statue, serial_aquarium,
          aquarium_bridge_square [aquarium_subvault_wall,
          aquarium_subvault_bridge, aquarium_subvault_wall,
          aquarium_subvault_bridge], aquarium_bridge_square
          [aquarium_subvault_wall, aquarium_subvault_bridge,
          aquarium_subvault_bridge, aquarium_subvault_window],
          aquarium_window_fake, aquarium_window_corner, aquarium_window_1,
          aquarium_view_2a, aquarium_balcony_double_1, aquarium_pool_side
D:6:      layout_loops_ring, minmay_temple_entry_from_below_b, uniq_edmund
Abyss:3:  base: D:4, bh_abyss_exit_spiral

Skill      XL: |  1  2  3  4  5  6  7  8 |
---------------+-------------------------+-----
Fighting       | 5 6 7 |  7.8
Axes           | 5 6 7 8 10 | 10.9
Armour         | 3 4 5 |  5.5
Dodging        | 3 4 |  4.5
Stealth        | 1 2 |  2.8

Action                   |  1- 3 |  4- 6 |  7- 9 || total
-------------------------+-------+-------+-------++-------
Melee: Hand axe          |    32 |   118 |    56 ||   206
       Headbutt          |     4 |    28 |    24 ||    56
       Broad axe         |       |       |    82 ||    82
Invok: Berserk           |     5 |     4 |    12 ||    21
  Use: Scroll            |       |       |    10 ||    10
 Stab: Sleeping          |       |     1 |     3 ||     4
       Distracted        |       |       |     1 ||     1
Armor: Leather armour    |    12 |    30 |    25 ||    67
       Plate armour      |       |       |    46 ||    46
Dodge: Dodged            |    28 |    73 |    82 ||   183
       Repelled          |     1 |       |       ||     1

Table legend: (Time is in decaauts)
 A = Elapsed time spent in this place.
 B = Non-inter-level travel time spent in this place.
 C = Inter-level travel time spent in this place.
 D = Time resting spent in this place.
 E = Time spent auto-exploring this place.
 F = Levels seen in this place.
 G = Mean time per level.
                   A        B        C        D        E       F      G
               +--------+--------+--------+--------+--------+-----+--------+
         Total |   7271 |   7076 |    195 |   1917 |   4226 |  10 |  727.1 |
       Dungeon |   6595 |   6400 |    195 |   1632 |   3993 |   6 | 1099.2 |
         Abyss |    287 |    287 |      0 |     71 |    101 |   3 |   95.7 |
         Sewer |    388 |    388 |      0 |    213 |    132 |   1 |  388.0 |
               +--------+--------+--------+--------+--------+-----+--------+

Top non-repeatable levels by time:
     D:5: 1902 daAuts
     D:1: 1625 daAuts
     D:3: 1169 daAuts
     D:4: 983 daAuts
     D:2: 663 daAuts
   Sewer: 388 daAuts
     D:6: 250 daAuts
 Abyss:3: 165 daAuts
 Abyss:1: 118 daAuts
 Abyss:2: 3 daAuts
